 Dungeon Crawl Stone Soup version 0.21.1-1-g345015f (webtiles) character file.

121 Kagorn the Cudgeler (level 4, -2/67 HPs)
             Began as a Troll Berserker on July 6, 2018.
             Was a Believer of Trog.
             Killed by divine providence
             ... invoked by an orc priest
              (11 damage)
             ... on level 3 of the Dungeon.
             The game lasted 00:08:52 (1729 turns).

Kagorn the Cudgeler (Troll Berserker)               Turns: 1729, Time: 00:08:57

Health: -2/67      AC:  5    Str: 30    XL:     4   Next: 77%
Magic:  0/3        EV: 10    Int:  3    God:    Trog [**....]
Gold:   36         SH:  0    Dex: 12    Spells: 3/3 levels left

rFire    . . .     SeeInvis .   a - +0 mace
rCold    . . .     Gourm    +   (no shield)
rNeg     . . .     Faith    .   e - +0 robe
rPois    +         Spirit   +   (helmet restricted)
rElec    .         Reflect  .   (no cloak)
rCorr    .         Harm     .   (gloves unavailable)
MR       .....                  (boots unavailable)
Stlth    ..........             i - amulet of guardian spirit
HPRegen  0.61/turn              g - +2 ring of dexterity
MPRegen  0.08/turn              f - ring of poison resistance

@: berserking, very quick
A: large, unfitting armour, claws 3, fast metabolism 3, gourmand, regeneration
1, shaggy fur 1, tough skin 2
a: Berserk, Trog's Hand, Burn Spellbooks, Renounce Religion


You were on level 3 of the Dungeon.
You worshipped Trog.
Trog was pleased with you.
You were very full.

You visited 1 branch of the dungeon, and saw 3 of its levels.

You collected 36 gold pieces.

Inventory:

Hand Weapons
 a - a +0 mace (weapon)
Armour
 b - a +0 animal skin
 e - a +0 robe (worn)
Jewellery
 d - an uncursed ring of see invisible
 f - a ring of poison resistance (right claw)
 g - a +2 ring of dexterity (left claw)
 i - an amulet of guardian spirit (around neck)
Scrolls
 j - a scroll of fog {unknown}
 m - a scroll of teleportation {unknown}
 n - a scroll of immolation {unknown}
Potions
 k - a potion of brilliance {unknown}
 l - a potion of curing {unknown}
 o - a potion of flight {unknown}
Comestibles
 c - 4 rations
 p - a chunk of flesh


   Skills:
 * Level 3.2 Fighting
 * Level 3.5 Maces & Flails
 + Level 1.1 Armour
 + Level 2.8 Dodging
 + Level 0.7 Stealth


You had 3 spell levels left.
You didn't know any spells.

Dungeon Overview and Level Annotations

Branches:
Dungeon (3/15)

Altars:
Dithmenos
Gozag
Makhleb
Okawaru
Qazlal
Xom
Yredelemnul
Zin

Annotations:
D:3 Natasha


Innate Abilities, Weirdness & Mutations

You are too large for most types of armour.
You have claws for hands.
Your metabolism is lightning-fast.
You like to eat raw meat.
Your natural rate of healing is unusually fast.
You are covered in fur. (AC +1)
You have very tough skin. (AC +2)


Message History

You hit the orc priest.
The orc priest is heavily wounded.
The leopard gecko barely misses you. The orc priest closely misses you.
The leopard gecko bites you.
* * * LOW HITPOINT WARNING * * *
Natasha casts a spell.
You barely miss the orc priest.
The orc priest is heavily wounded.
The orc priest hits you with a hand axe.
* * * LOW HITPOINT WARNING * * *
The leopard gecko closely misses you.
Natasha casts a spell.
The crimson imp closely misses you.
It was a potion of berserk rage.
A red film seems to cover your vision as you go berserk!
You feel yourself moving faster!
You feel mighty! The leopard gecko bites you.
* * * LOW HITPOINT WARNING * * *
The orc priest mumbles some strange prayers to Beogh against you.
Beogh smites you!
You die...

###.####.##.÷###
........'..<...# ##
#########...##.######...
...................
#########.....##.#
##.......#
#######...####
≈≈≈≈≈≈†...# #######@###
#5ol....# ##.5###.# ##h#
#? .# .. .##


You could see an orc priest, Natasha, 2 crimson imps and a leopard gecko.

Vanquished Creatures
  Natasha (D:3)
  5 adders
  3 worms (D:2)
  2 dart slugs (D:2)
  3 leopard geckos
  A ball python (D:1)
  3 giant cockroaches
  A goblin (D:2)
  2 hobgoblins (D:1)
  7 kobolds
  2 quokkas
  5 bats
  A frilled lizard (D:3)
  3 rats (D:2)
39 creatures vanquished.

Notes
Turn   | Place    | Note
-------+----------+-------------------------------------------
     0 | D:1      | Kagorn the Troll Berserker began the quest for the Orb.
     0 | D:1      | Reached XP level 1. HP: 22/22 MP: 0/0
   641 | D:1      | Reached XP level 2. HP: 29/29 MP: 1/1
   974 | D:2      | Reached XP level 3. HP: 36/36 MP: 2/2
  1127 | D:2      | Found an opulent altar of Gozag.
  1130 | D:2      | Found a glowing silver altar of Zin.
  1267 | D:2      | Reached XP level 4. HP: 45/45 MP: 3/3
  1309 | D:2      | Reached ** piety under Trog
  1313 | D:2      | Reached skill level 1 in Armour
  1533 | D:2      | Found a burning altar of Makhleb.
  1535 | D:2      | Found an iron altar of Okawaru.
  1535 | D:2      | Found a bloodstained altar of Trog.
  1537 | D:2      | Found a basalt altar of Yredelemnul.
  1537 | D:2      | Found a stormy altar of Qazlal.
  1537 | D:2      | Found a shimmering altar of Xom.
  1617 | D:3      | Found a shimmering altar of Xom.
  1632 | D:3      | Noticed Natasha
  1641 | D:3      | Killed Natasha
  1675 | D:3      | Found a shadowy altar of Dithmenos.
  1726 | D:3      | Noticed Natasha
  1729 | D:3      | Killed from afar by an orc priest

Skill      XL: |  1  2  3  4 |
---------------+-------------+-----
Maces & Flails | 3 |  3.5
Fighting       | 3 |  3.2
Armour         | 1 |  1.1
Dodging        | |  2.8
Stealth        | |  0.7

Action                   |  1- 3 |  4- 6 || total
-------------------------+-------+-------++-------
Melee: Mace              |   113 |    47 ||   160
  Use: Potion            |       |     1 ||     1
 Stab: Sleeping          |     1 |       ||     1
  Eat: Chunk             |    17 |     4 ||    21
Armor: Robe              |    46 |    39 ||    85
Dodge: Dodged            |    59 |    40 ||    99
